 Dungeon Crawl Stone Soup version 0.29.1-2-gbd0b4ee654 (webtiles) character file.

Game seed: 1278301952884094350

96 Acheron the Covered (level 4, 0/35 HPs)
             Began as a Minotaur Arcane Marksman on Nov 28, 2022.
             Slain by Sigmund
             ... wielding a +0 scythe
              (2 damage)
             ... on level 3 of the Dungeon.
             The game lasted 00:07:57 (2689 turns).

Acheron the Covered (Minotaur Arcane Marksman)      Turns: 2689, Time: 00:07:57

Health: 0/35       AC:  8    Str: 14    XL:     4   Next: 41%
Magic:  4/4        EV: 10    Int: 10    God:
Gold:   148        SH:  0    Dex: 13    Spells: 4/5 levels left

rFire   . . .      SeeInvis .   p - +0 broad axe
rCold   . . .      Faith    .   (no shield)
rNeg    . . .      Spirit   .   g - +2 scale mail
rPois   .          Reflect  .   (helmet restricted)
rElec   .          Harm     .   (no cloak)
rCorr   .          Rampage  .   (no gloves)
Will    .....                   (no boots)
Stlth   ..........              (no amulet)
HPRegen 0.11/turn               (no ring)
MPRegen 0.09/turn               (no ring)

@: no status effects
A: horns 2, retaliatory headbutt
a: no special abilities


You were on level 3 of the Dungeon.
You visited 1 branch of the dungeon, and saw 3 of its levels.

You collected 148 gold pieces.

Inventory:

Hand Weapons
 a - a +1 sling
 d - a +0 rapier
 e - a +1 dagger of venom
 p - a +0 broad axe (weapon)
Missiles
 k - 6 poisoned darts (quivered)
Armour
 g - a +2 scale mail (worn)
Scrolls
 b - 2 scrolls of poison
 f - a scroll of fear
Potions
 c - 3 potions of heal wounds {unknown}
 l - a potion of curing
 q - 2 potions of haste
 t - a potion of brilliance {unknown}


   Skills:
 * Level 1.4 Fighting
 + Level 0.1 Short Blades
 + Level 0.9 Axes
 + Level 2.4 Ranged Weapons
 * Level 1.1 Throwing
 * Level 2.9 Armour
 * Level 2.4 Dodging
 * Level 0.4 Stealth
 + Level 0.4 Unarmed Combat
 + Level 1.1 Spellcasting
 + Level 2.2 Hexes


You had 4 spell levels left.
You knew the following spells:

 Your Spells              Type           Power      Damage    Failure   Level
a - Slow                  Hex            20%        N/A       50%         1

Your spell library contained the following spells:

 Spells                   Type           Power      Damage    Failure   Level
 Foxfire                  Conj/Fire      0%         2x1d4     80%         1
 Inner Flame              Hex/Fire       2%         N/A       95%         3
 Portal Projectile        Hex/Tloc       4%         N/A       95%         3
 Conjure Flame            Conj/Fire      0%         6-21      99%         3
 Cause Fear               Hex            2%         N/A       99%         4
 Flame Wave               Conj/Fire      0%         2d4       100%        4


Dungeon Overview and Level Annotations

Branches:
Dungeon (3/15)

Altars:

Annotations:
D:3 Sigmund


Innate Abilities, Weirdness & Mutations

You have a pair of horns on your head.
You reflexively headbutt those who attack you in melee.


Message History

The rat bites you.
You slash the rat!
You kill the rat!
Things that are here:
a jackal corpse; a jackal corpse You see here a bat corpse.
Found 17 gold pieces.
Things that are here:
a +0 dagger; a goblin corpse Sigmund the Dreaded comes into view.
He is wielding a +0 scythe and wearing a +2 robe of willpower.
Sigmund shouts!
Sigmund gestures wildly while chanting.
Sigmund flickers and vanishes!
Deactivating autopickup; reactivate with Ctrl-A.
Something tries to affect you, but you resist.
A goblin comes into view. It is wielding a +0 dagger.
The goblin shouts!
Something hits you.
You miss something. Something hits you but does no damage.
You hit something. Something hits you.
You barely miss something. Something hits you. The goblin barely misses you.
You furiously retaliate!
You headbutt the goblin!
You kill the goblin!
You hit something but do no damage. You punch something.
You hear some strange, mumbled words.
A puff of flame appears from out of thin air!
The puff of flame hits you!
You closely miss something. Something hits you but does no damage.
You miss something. Your headbutt misses something. Something hits you.
You closely miss something. Something hits you but does no damage.
Something hits you.
* * * LOW HITPOINT WARNING * * *
You hit something. You headbutt something. Something hits you.
* * * LOW HITPOINT WARNING * * *
You closely miss something. Your headbutt misses something.
Something hits you but does no damage.
You slash something! Something hits you.
* * * LOW HITPOINT WARNING * * *
You miss something. Something hits you.
You die...

............#.#######...
.......<#.#.#†.# ....
........#.#.†#.## #....
............)#..#+#....#
........#.#............#
........#.##............
........(.##.#..........
#########...............
#.......@.>.....
#........{)......
#.#$.............
#.##.#.....##....
#........ ....
.......... ...
.#......... ..
...........


There were no monsters in sight!

Vanquished Creatures
  A gnoll (D:2)
  3 adders
  A worm (D:2)
  A dart slug (D:2)
  An orc (D:3)
  5 ball pythons
  An endoplasm (D:1)
  2 giant cockroaches (D:1)
  7 goblins
  3 hobgoblins
  6 jackals (D:3)
  3 kobolds
  8 bats
  4 frilled lizards
  11 rats
57 creatures vanquished.

Vanquished Creatures (others)
  A plant (D:1)
1 creature vanquished.

Grand Total: 58 creatures vanquished

Notes
Turn   | Place    | Note
-------+----------+-------------------------------------------
     0 | D:1      | Acheron the Minotaur Arcane Marksman began the quest for
                  | the Orb.
     0 | D:1      | Reached XP level 1. HP: 16/16 MP: 1/1
   380 | D:1      | Found a faded altar of an unknown god.
   404 | D:1      | Reached XP level 2. HP: 19/23 MP: 2/2
   770 | D:1      | Reached skill level 1 in Armour
  1332 | D:2      | Reached XP level 3. HP: 7/28 MP: 3/3
  1720 | D:2      | Reached skill level 1 in Throwing
  2518 | D:3      | Reached XP level 4. HP: 35/35 MP: 4/4
  2674 | D:3      | Noticed Sigmund
  2689 | D:3      | Slain by Sigmund

Illustrated notes

Levels and vault maps discovered:
D:1:      matt_arrival_diagonals, layout_loops_ring,
          shapermc_ecumenical_altar_mp_ritualfount
D:2:      layout_loops_corners, corexii_leaking_fountain, minmay_distorted
D:3:      layout_rooms, serial_corexii_hall, corexii_hall_statues_l,
          chequers_hall_statues_y, portal_sewer_entry_d,
          minmay_misc_feat_plants, minmay_divided_ellipse, uniq_sigmund,
          uniq_natasha

Skill      XL: |  1  2  3 |
---------------+----------+-----
Armour         | 1 2 |  2.9
Throwing       | 1 |  1.1
Fighting       | |  1.4
Short Blades   | |  0.1
Axes           | |  0.9
Ranged Weapons | |  2.4
Dodging        | |  2.4
Stealth        | |  0.4
Unarmed Combat | |  0.4
Spellcasting   | |  1.1
Hexes          | |  2.2

Action                   |  1- 3 |  4- 6 || total
-------------------------+-------+-------++-------
Melee: Unarmed           |    34 |       ||    34
       Headbutt          |    16 |     3 ||    19
       Punch             |     2 |     2 ||     4
       Dagger            |    12 |       ||    12
       Broad axe         |    41 |    33 ||    74
       Club              |    11 |       ||    11
  Use: Potion            |     1 |       ||     1
       Scroll            |     7 |     1 ||     8
 Stab: Sleeping          |     1 |       ||     1
Armor: Leather armour    |    24 |       ||    24
       Scale mail        |    18 |    37 ||    55
Dodge: Dodged            |    64 |    24 ||    88
